 Dungeon Crawl Stone Soup version 0.29-a0-322-g68df515428 (webtiles) character file.

Game seed: 8556750940345400557

25 Murumi the Sneak (level 2, -1/15 HPs)
             Began as a Vampire Enchanter on Apr 8, 2022.
             Slain by Terence
             ... wielding a +0 flail
              (4 damage)
             ... on level 2 of the Dungeon.
             The game lasted 00:04:31 (1148 turns).

Murumi the Sneak (Vampire Enchanter)                Turns: 1148, Time: 00:04:32

Health: -1/15      AC:  2    Str:  7    XL:     2   Next: 86%
Magic:  5/5        EV:  8    Int: 23    God:
Gold:   29         SH: 10    Dex: 14    Spells: 3/5 levels left

rFire   . . .      SeeInvis +   a - +1 dagger
rCold   + + .      Faith    .   h - +0 tower shield
rNeg    + + +      Spirit   .   b - +0 robe
rPois   ∞          Reflect  .   (no helmet)
rElec   .          Harm     .   (no cloak)
rCorr   .          Rampage  .   (no gloves)
Will    .....                   (no boots)
Stlth   +++++.....              k - amulet of magic regeneration
HPRegen 0.00/turn               g - +6 ring of intelligence
MPRegen 0.49/turn               (no ring)

@: bloodless, inhibited regen, invisible
A: bloodless, fangs 3, see invisible, vampiric 1
a: Revivify


You were on level 2 of the Dungeon.
You visited 1 branch of the dungeon, and saw 2 of its levels.

You collected 29 gold pieces.

Inventory:

Hand Weapons
 a - a +1 dagger (weapon)
Armour
 b - a +0 robe (worn)
 h - a +0 tower shield (worn)
Jewellery
 g - a +6 ring of intelligence (left hand)
 k - an amulet of magic regeneration (around neck)
Potions
 c - a potion of invisibility
 d - a potion of haste
 f - a potion of heal wounds {unknown}
 i - a potion of mutation {unknown}
 j - a potion of curing {unknown}


   Skills:
 - Level 2.0 Short Blades
 + Level 2.4 Dodging
 - Level 5.0 Stealth
 - Level 2.0 Spellcasting
 - Level 5.0 Hexes


You had 3 spell levels left.
You knew the following spells:

 Your Spells              Type           Power      Damage    Failure   Level
a - Ensorcelled Hibernat  Hex/Ice        26%        N/A       77%         2

Your spell library contained the following spells:

 Spells                   Type           Power      Damage    Failure   Level
 Confusing Touch          Hex            25%        N/A       65%         3
 Tukima's Dance           Hex            25%        N/A       65%         3
 Dazzling Flash           Conj/Hex       26%        N/A       94%         3


Dungeon Overview and Level Annotations

Branches:
Dungeon (2/15)

Altars:

Annotations:
D:2 Terence


Innate Abilities, Weirdness & Mutations

You do not regenerate when monsters are visible.
You are frail without blood (-20% HP).
You can heal yourself when you bite living creatures.
You are immune to poison.
You have razor-sharp teeth.
You have supernaturally acute eyesight. (SInv)
You are afflicted with vampirism.


Message History

You see here 8 gold pieces.
A goblin comes into view. It is wielding a +0 club.
Terence attacks as you move away! You block Terence's attack.
Terence says, "Rest in peace."
Terence attacks as you move away! You block Terence's attack.
Terence attacks as you move away! You block Terence's attack.
You hit Terence but do no damage. Terence hits you with a +0 flail.
You hit Terence but do no damage. Terence barely misses you.
You block Terence's attack.
You closely miss Terence. Terence hits you with a +0 flail.
You are too injured to fight recklessly!
You fade into invisibility!
You block Terence's attack.
You hit Terence but do no damage. Your bite misses Terence.
The goblin unwields a +0 club.
The goblin wields a +0 hunting sling.
The goblin shoots a sling bullet.
You hit Terence but do no damage.
The goblin unwields a +0 hunting sling.
The goblin wields a +0 club.
The goblin closely misses you.
The goblin shouts!
You hit the goblin.
The goblin is severely wounded.
You block the goblin's attack.
You hit the goblin.
You kill the goblin!
The goblin hits you with a +0 dagger.
* * * LOW HITPOINT WARNING * * *
You miss the goblin. You hit the goblin.
The goblin is moderately wounded.
You block the goblin's attack.
You barely miss the goblin.
The goblin is moderately wounded.
You block the goblin's attack. The goblin hits you but does no damage.
You hit the goblin.
You kill the goblin!
You see here a scroll of noise.
Terence shouts!
You hit Terence but do no damage. Terence hits you with a +0 flail.
You die...

#.....# #........#
#..#### #.##..#.# #...
#.....#.# ..##
############......"#
#.#
#............##.####
#? #.......####.##.#
#.
#.......####.##.###..
#....>....##.........
#.(@@...#.##..#<##...
#.......#.##..#.# ##
#########..........# .
#....).?.....##..###
.. #...)..).........#
#.#..$###.#†#..##.....
#.....†#).###..###.###
#.#...###.# #..# #.#
.. #............# .#


You could see Terence (can't see you).

Vanquished Creatures
  A dart slug (D:1)
  3 bats (D:2)
  An endoplasm (D:1)
  4 giant cockroaches
  3 goblins
  3 hobgoblins (D:1)
  A quokka (D:2)
  3 ball pythons (D:1)
  A kobold (D:1)
20 creatures vanquished.

Notes
Turn   | Place    | Note
-------+----------+-------------------------------------------
     0 | D:1      | Murumi the Vampire Enchanter began the quest for the Orb.
     0 | D:1      | Reached XP level 1. HP: 13/13 MP: 3/3
   135 | D:1      | Reached skill level 5 in Stealth
   193 | D:1      | Reached XP level 2. HP: 15/15 MP: 5/5
   196 | D:1      | Learned a level 2 spell: Ensorcelled Hibernation
   227 | D:1      | Found a faded altar of an unknown god.
  1080 | D:2      | Reached skill level 5 in Hexes
  1115 | D:2      | Noticed Terence
  1148 | D:2      | Slain by Terence

Illustrated notes

Levels and vault maps discovered:
D:1:      dpeg_arrival_long_road, layout_basic,
          hellmonk_ecumenical_altar_leap_of_faith
D:2:      layout_loops_cross, basic_altar, minmay_heptomino_h4, uniq_terence

Skill      XL: |  1  2 |
---------------+-------+-----
Stealth        | 5 |  5.0
Short Blades   | 2 |  2.0
Hexes          | 5 |  5.0
Dodging        | |  2.4
Spellcasting   | |  2.0

Action                   || total
-------------------------++-------
Melee: Dagger            ||    50
       Bite              ||     3
 Abil: Exsanguinate      ||     1
  Use: Scroll            ||     4
       Potion            ||     1
 Stab: Sleeping          ||     9
Armor: Robe              ||     5
Dodge: Dodged            ||    21
Block: Tower shield      ||    21

Table legend: (Time is in decaauts)
 A = Elapsed time spent in this place.
 B = Non-inter-level travel time spent in this place.
 C = Inter-level travel time spent in this place.
 D = Time resting spent in this place.
 E = Time spent auto-exploring this place.
 F = Levels seen in this place.
 G = Mean time per level.
                   A        B        C        D        E       F      G
               +--------+--------+--------+--------+--------+-----+--------+
         Total |   1161 |   1042 |    119 |      0 |    810 |   2 |  580.5 |
       Dungeon |   1161 |   1042 |    119 |      0 |    810 |   2 |  580.5 |
               +--------+--------+--------+--------+--------+-----+--------+

Top non-repeatable levels by time:
     D:1: 1012 daAuts
     D:2: 149 daAuts
